 Dungeon Crawl Stone Soup version 0.31-a0-977-gc230f8ef24 (webtiles) character file.

Game seed: 10998931195960727241

557 timneilson the Ruffian (level 7, -1/52 HPs)
             Began as a Gnoll Shapeshifter on Oct 29, 2023.
             Slain by an iguana (6 damage)
             ... on level 5 of the Dungeon.
             The game lasted 00:10:00 (3294 turns).

timneilson the Ruffian (Gnoll Shapeshifter)         Turns: 3294, Time: 00:10:01

Health: -1/52      AC:  3    Str: 19    XL:     7   Next: 30%
Magic:  10/10      EV: 13    Int:  9    God:
Gold:   211        SH:  0    Dex: 11    Spells: 10/10 levels left

rFire   . .          .
                       - Unarmed
rCold   . . .        (no shield)
rNeg    . . .        g - +1 robe of the Barracuda {Str+3}
rPois   .            (helmet currently unavailable)
rElec   .            (cloak currently unavailable)
rCorr   .            (gloves currently unavailable)
SInv    .            (boots currently unavailable)
Will    .....        n - amulet of the acrobat
Stlth   ++           (no ring)
HPRegen 0.28/turn    (no ring)
MPRegen 0.12/turn

%: acrobat
@: mighty, beast-form, hasted, very quick
A: beast (slay +3), fangs 1, strong nose, distributed training
a: Begin Untransformation


You were on level 5 of the Dungeon.
You were a hulking beast.
You visited 1 branch of the dungeon, and saw 5 of its levels.

You collected 211 gold pieces.

Inventory:

Armour
 a - a +0 scale mail
 g - the +1 robe of the Barracuda (worn) {Str+3}
   (You found it on level 3 of the Dungeon)

   Str+3:     It affects your strength (+3).
 q - a +1 helmet
Jewellery
 n - an amulet of the acrobat (around neck)
Talismans
 c - a beast talisman
 d - a flux talisman
Wands
 k - a wand of flame (25)
Scrolls
 i - 2 scrolls of enchant weapon
 m - 4 scrolls of teleportation
 o - a scroll of amnesia
 s - a scroll of identify {unknown}
 t - a scroll of poison {unknown}
 u - a scroll of noise {unknown}
Potions
 b - a potion of lignification
 e - a potion of might
 f - a potion of haste
 h - 3 potions of degeneration {unknown}
 j - 3 potions of heal wounds {unknown}
 l - a potion of mutation {unknown}
 p - 2 potions of brilliance {unknown}
 r - a potion of magic {unknown}


   Skills:
 + Level 3.6 Fighting
 + Level 2.4 Short Blades
 + Level 2.4 Long Blades
 + Level 2.4 Axes
 + Level 2.4 Maces & Flails
 + Level 2.4 Polearms
 + Level 2.4 Staves
 + Level 2.4 Ranged Weapons
 + Level 2.4 Throwing
 + Level 2.4 Armour
 + Level 5.2 Dodging
 + Level 2.4 Stealth
 + Level 2.4 Shields
 + Level 7.0 Unarmed Combat
 + Level 2.4 Spellcasting
 + Level 2.0 Conjurations
 + Level 2.0 Hexes
 + Level 2.0 Summonings
 + Level 2.0 Necromancy
 + Level 2.0 Translocations
 + Level 2.0 Transmutations
 + Level 2.0 Fire Magic
 + Level 2.0 Ice Magic
 + Level 2.0 Air Magic
 + Level 2.0 Earth Magic
 + Level 2.0 Poison Magic
 + Level 2.7 Invocations
 + Level 2.4 Evocations
 + Level 6.9 Shapeshifting


You had 10 spell levels left.
You didn't know any spells.
Your spell library contained the following spells:

 Spells                   Type           Power      Damage    Failure   Level
 Hailstorm                Conj/Ice       4%         3d4       38%         3
 Stone Arrow              Conj/Erth      8%         3d7       38%         3
 Animate Armour           Summ/Erth      8%         N/A       80%         4
 Summon Ice Beast         Ice/Summ       4%         N/A       80%         4
 Summon Lightning Spire   Summ/Air       4%         N/A       80%         4
 Lee's Rapid Deconstruct  Erth           2%         3d4*      98%         5
 Simulacrum               Ice/Necr       2%         N/A       100%        6
 Ozocubu's Refrigeration  Ice            2%         4d7       100%        7
 Lehudib's Crystal Spear  Conj/Erth      2%         10d2      100%        8
 Polar Vortex             Ice            2%         N/A       100%        9


Dungeon Overview and Level Annotations

Branches:
Dungeon (5/15)
 Temple: D:4-7

Altars:
Okawaru
Ru
Uskayaw

Shops:
D:3 (


Innate Abilities, Weirdness & Mutations

You are a hulking beast.
Your limbs bulge with bestial killing power. (Slay +3)
You have very sharp teeth.
Your uncanny sense of smell can sniff out nearby items.
Your experience applies equally to all skills.


Message History

You punch the water moccasin!
You kill the water moccasin!
You feel sick.
Your Unarmed Combat skill increases to level 7!
Your Conjurations skill increases to level 2!
Your Hexes skill increases to level 2!
Your Summonings skill increases to level 2!
Your Necromancy skill increases to level 2!
Your Translocations skill increases to level 2!
Your Transmutations skill increases to level 2!
Your Fire Magic skill increases to level 2!
Your Ice Magic skill increases to level 2!
Your Air Magic skill increases to level 2!
Your Earth Magic skill increases to level 2!
Your Poison Magic skill increases to level 2!
You have reached level 7!
You closely miss the hound. Your bite misses the hound.
You feel sick. The hound bites you.
You closely miss the hound.
You feel sick. The hound bites you.
* * * LOW HITPOINT WARNING * * *
The hound closely misses you.
You punch the hound! Your bite misses the hound.
The hound is almost dead.
You feel sick. The hound bites you.
* * * LOW HITPOINT WARNING * * *
An orc comes into view. It is wielding a +0 club.
It was a potion of might.
You feel very mighty all of a sudden.
You feel sick. The hound bites you.
* * * LOW HITPOINT WARNING * * *
The hound barely misses you.
You barely miss the hound.
The hound is almost dead.
You feel sick. The hound barely misses you.
You punch the hound!
You kill the hound!
You feel sick.
You are no longer poisoned.
It was a potion of haste.
You feel yourself speed up. The iguana bites you.
You die...

#...... #.##### #......
#...... #.[.#.. #...###
#...# ########## #...#
#5lh.>...# #...#
#.######.# ##...###
#.5...##.# ##.......
#h....##.###..≈≈≈≈≈≈
....l..5....##......≈≈≈≈≈≈
.....##############.≈≈####
.... #.≈≈#..# ... #.≈≈##.#
.. ..≈≈# ..


You could see an iguana and an ufetubus.

Vanquished Creatures
  A water moccasin (D:5)
  An ogre (D:3)
  A bullfrog (D:4)
  2 jellies (D:4)
  A hound (D:5)
  2 iguanas (D:5)
  4 gnolls
  3 adders (D:2)
  3 ufetubi (D:5)
  A worm (D:2)
  7 orcs
  9 ball pythons
  10 bats
  7 endoplasms
  4 giant cockroaches
  3 goblins
  4 hobgoblins
  3 jackals
  7 kobolds
  A quokka (D:3)
  6 frilled lizards
  7 rats
87 creatures vanquished.

Notes
Turn   | Place    | Note
-------+----------+-------------------------------------------
     0 | D:1      | timneilson the Gnoll Shapeshifter began the quest for the
                  | Orb.
     0 | D:1      | Reached XP level 1. HP: 17/17 MP: 1/1
   212 | D:1      | Reached XP level 2. HP: 20/23 MP: 2/2
   388 | D:1      | Found a faded altar of an unknown god.
   569 | D:1      | Reached XP level 3. HP: 28/28 MP: 3/3
   877 | D:2      | Reached skill level 1 in Invocations
   897 | D:2      | Found a hide-covered altar of Uskayaw.
   983 | D:2      | Reached skill level 1 in Short Blades
   983 | D:2      | Reached skill level 1 in Long Blades
   983 | D:2      | Reached skill level 1 in Axes
   983 | D:2      | Reached skill level 1 in Maces & Flails
   983 | D:2      | Reached skill level 1 in Polearms
   983 | D:2      | Reached skill level 1 in Staves
   983 | D:2      | Reached skill level 1 in Ranged Weapons
   983 | D:2      | Reached skill level 1 in Throwing
   983 | D:2      | Reached skill level 1 in Armour
   983 | D:2      | Reached skill level 1 in Stealth
   983 | D:2      | Reached skill level 1 in Shields
   983 | D:2      | Reached skill level 1 in Spellcasting
   983 | D:2      | Reached skill level 1 in Evocations
  1105 | D:2      | Reached XP level 4. HP: 34/34 MP: 5/5
  1393 | D:3      | Found Goariy's Antique Weapon Shop.
  1424 | D:3      | Reached skill level 1 in Conjurations
  1424 | D:3      | Reached skill level 1 in Hexes
  1424 | D:3      | Reached skill level 1 in Summonings
  1424 | D:3      | Reached skill level 1 in Necromancy
  1424 | D:3      | Reached skill level 1 in Translocations
  1424 | D:3      | Reached skill level 1 in Transmutations
  1424 | D:3      | Reached skill level 1 in Fire Magic
  1424 | D:3      | Reached skill level 1 in Ice Magic
  1424 | D:3      | Reached skill level 1 in Air Magic
  1424 | D:3      | Reached skill level 1 in Earth Magic
  1424 | D:3      | Reached skill level 1 in Poison Magic
  1462 | D:3      | Found a sacrificial altar of Ru.
  1493 | D:3      | Identified the +1 robe of the Barracuda {Str+3}
  1732 | D:2      | Reached XP level 5. HP: 14/40 MP: 5/7
  2328 | D:4      | Reached XP level 6. HP: 36/47 MP: 8/8
  2491 | D:3      | Reached skill level 5 in Dodging
  2587 | D:4      | Found an iron altar of Okawaru.
  3010 | D:5      | Entered Level 5 of the Dungeon
  3262 | D:5      | Noticed a water moccasin
  3287 | D:5      | Killed a water moccasin
  3288 | D:5      | Reached skill level 7 in Unarmed Combat
  3288 | D:5      | Reached XP level 7. HP: 25/52 MP: 10/10
  3294 | D:5      | Slain by an iguana

Illustrated notes

Levels and vault maps discovered:
D:1:      sevenhm_arrival_forest_fort_large_2, layout_basic,
          hellmonk_ecumenical_altar_lost_god
D:2:      layout_loops_ring, basic_altar
D:3:      layout_rooms, nicolae_ru_sacrificial_ziggurat, serial_shops, shop
D:4:      layout_basic, okawaru_gym_becter
D:5:      layout_basic, gammafunk_ghost_gnarly_gnolls, uniq_ijyb

Skill      XL: |  1  2  3  4  5  6 |
---------------+-------------------+-----
Invocations    | 1 2 |  2.7
Short Blades   | 1 2 |  2.4
Long Blades    | 1 2 |  2.4
Axes           | 1 2 |  2.4
Maces & Flails | 1 2 |  2.4
Polearms       | 1 2 |  2.4
Staves         | 1 2 |  2.4
Ranged Weapons | 1 2 |  2.4
Throwing       | 1 2 |  2.4
Armour         | 1 2 |  2.4
Stealth        | 1 2 |  2.4
Shields        | 1 2 |  2.4
Spellcasting   | 1 2 |  2.4
Evocations     | 1 2 |  2.4
Conjurations   | 1 2 |  2.0
Hexes          | 1 2 |  2.0
Summonings     | 1 2 |  2.0
Necromancy     | 1 2 |  2.0
Translocations | 1 2 |  2.0
Transmutations | 1 2 |  2.0
Fire Magic     | 1 2 |  2.0
Ice Magic      | 1 2 |  2.0
Air Magic      | 1 2 |  2.0
Earth Magic    | 1 2 |  2.0
Poison Magic   | 1 2 |  2.0
Fighting       | 3 |  3.6
Dodging        | 5 |  5.2
Unarmed Combat | 7 |  7.0
Shapeshifting  | |  6.9

Action                     |  1- 3 |  4- 6 |  7- 9 || total
---------------------------+-------+-------+-------++-------
  Melee: Unarmed           |    83 |   102 |     5 ||   190
         Bite              |     5 |     9 |       ||    14
         Punch             |     1 |     2 |       ||     3
    Use: Scroll            |     4 |     4 |       ||     8
         Potion            |       |       |     2 ||     2
   Stab: Sleeping          |     2 |       |       ||     2
 Armour: Animal skin       |    31 |     7 |       ||    38
         Robe              |       |    39 |     5 ||    44
  Dodge: Dodged            |    66 |    94 |     3 ||   163

Table legend: (Time is in decaauts)
 A = Elapsed time spent in this place.
 B = Non-inter-level travel time spent in this place.
 C = Inter-level travel time spent in this place.
 D = Time resting spent in this place.
 E = Time spent auto-exploring this place.
 F = Levels seen in this place.
 G = Mean time per level.
                   A        B        C        D        E       F      G
               +--------+--------+--------+--------+--------+-----+--------+
         Total |   3273 |   3136 |    137 |    273 |   1923 |   5 |  654.6 |
       Dungeon |   3273 |   3136 |    137 |    273 |   1923 |   5 |  654.6 |
               +--------+--------+--------+--------+--------+-----+--------+

Top non-repeatable levels by time:
     D:4: 842 daAuts
     D:2: 755 daAuts
     D:1: 739 daAuts
     D:3: 720 daAuts
     D:5: 216 daAuts
